Map: 공허 분쇄

Players

밤하늘

  • Race: Protoss Protoss
  • Spawn Location: 6:00

테라진

  • Race: Terran Terran
  • Spawn Location: 9:00

VOD

Have the link to the VOD?

Description

Time

  • Played on: Jan. 17, 2019, 3:12 a.m.
  • Length: 10:47
Show
View Real Time Build Order
Export as new Build Order

밤하늘 Protoss 

Build Orders:  

Get SALT Encoding   

  12  0:02  Probe (Chrono Boost)  
  13  0:16  Probe (Chrono Boost)  
  14  0:30  Probe (Chrono Boost)  
  14  0:39  Xel'Naga Passageway  
  15  0:44  Probe (Chrono Boost)  
  16  0:58  Probe (Chrono Boost)  
  17  1:11  Probe (Chrono Boost)  
  18  1:30  Zoraya Legion  
  18  1:45  Core Forge  
  18  1:49  Probe (Chrono Boost)  
  19  2:03  Probe (Chrono Boost)  
  20  2:17  Probe (Chrono Boost)  
  21  2:31  Probe (Chrono Boost)  
  21  2:38  Tesseract Cannon  
  22  2:48  Tesseract Cannon  
  22  3:11  Tesseract Cannon  
  22  3:30  Tesseract Cannon  
  22  3:52  Tesseract Cannon  
  22  4:23  Zoraya Legion  
  22  4:43  Xel'Naga Shieldguard  
  23  4:59  Xel'Naga Shieldguard  
  24  5:42  Tesseract Cannon  
  24  5:43  Tesseract Cannon  
  24  5:45  Tesseract Cannon  
  24  5:48  Xel'Naga Shieldguard  
  25  6:03  Xel'Naga Shieldguard  
  26  6:18  Xel'Naga Shieldguard  
  27  6:39  Tesseract Cannon  
  27  6:55  Zoraya Legion  
  27  7:45  Tesseract Cannon  
  27  7:46  Tesseract Cannon  
  27  8:24  Tesseract Cannon  
  27  8:30  Xel'Naga Shieldguard  
  27  8:39  Tesseract Cannon  
  28  9:09  Zoraya Legion  
  28  9:12  Zoraya Legion  
Show
View Real Time Build Order
Export as new Build Order

테라진 Terran 

Build Orders:  

Get SALT Encoding   

  12  0:05  SCV  
Tags
 
Add a new tag
Caveats
  • Supply blocks, unpowered buildings, or Contaminate may cause inaccurate times.
  • Supply counts are checked every 10 seconds.